 Dungeon Crawl Stone Soup version 0.30.0-29-ga12c61a403 (webtiles) character file.

Game seed: 6487062071962000797

30354 thedragondan the Pandemonic (level 13, -5/98 HPs)
             Began as a Demonspawn Fighter on June 5, 2023.
             Was a High Priest of Makhleb.
             Shot with an arrow by a satyr (16 damage)
             ... on level 1 of the Shoals.
             The game lasted 01:01:08 (12361 turns).

thedragondan the Pandemonic (Demonspawn Fighter)   Turns: 12361, Time: 01:01:11

Health: -5/98      AC: 24    Str: 27    XL:     13   Next: 20%
Magic:  0/19       EV: 14    Int:  9    God:    Makhleb [*****.]
Gold:   926        SH:  9    Dex: 12    Spells: 12/12 levels left

rFire   + . .        t - +7 whip of Change {drain, rPois rC+ Dex-2}
rCold   + + .        c - +0 buckler
rNeg    . . .        e - +4 ring mail {rF+}
rPois   +            m - +1 hat
rElec   .            n - +0 cloak
rCorr   .            (no gloves)
SInv    .            (no boots)
Will    .....        q - amulet of guardian spirit
Stlth   +            a - +4 ring of protection
HPRegen 0.36/turn    D - +6 ring of strength
MPRegen 0.16/turn

%: guardian spirit
@: no status effects
A: slimy green scales 2, icemail 1, spiny 1, condensation shield, weakness
stinger 2, cold resistance 1, low MP 1
a: Renounce Religion, Minor Destruction, Lesser Servant of Makhleb, Major
Destruction, Greater Servant of Makhleb


You were on level 1 of the Shoals.
You worshipped Makhleb.
Makhleb was extremely pleased with you.
You visited 3 branches of the dungeon, and saw 12 of its levels.
You also visited: Ossuary.

You collected 926 gold pieces.

Inventory:

Hand Weapons
 t - the +7 whip of Change (weapon) {drain, rPois rC+ Dex-2}
   (You found it on level 6 of the Dungeon)

   Dex:       It affects your dexterity (-2).
   rC:        It protects you from cold.
   rPois:     It protects you from poison.
Armour
 c - a +0 buckler (worn)
 e - a +4 ring mail of fire resistance (worn)
 m - a +1 hat (worn)
 n - a +0 cloak (worn)
Jewellery
 a - a +4 ring of protection (left hand)
 d - the amulet of Darkness {RegenMP rElec rPois}
   (You took it off a merfolk siren on level 1 of the Shoals)

   [amulet of magic regeneration]

   It increases your rate of magic regeneration.
   rElec:     It insulates you from electricity.
   rPois:     It protects you from poison.
 q - an amulet of guardian spirit (around neck)
 y - a +4 ring of protection
 A - a ring of resist corrosion
 D - a +6 ring of strength (right hand)
 E - a ring of positive energy
Wands
 h - a wand of flame (4)
 i - a wand of charming (24)
 k - a wand of quicksilver (2)
 l - a wand of iceblast (6)
 u - a wand of polymorph (13)
 x - a wand of mindburst (5)
Scrolls
 b - 2 scrolls of enchant weapon
 f - 2 scrolls of immolation
 g - 4 scrolls of amnesia
 p - 2 scrolls of torment
 s - 8 scrolls of identify
 w - a scroll of butterflies
 C - 2 scrolls of teleportation
Potions
 j - 6 potions of flight
 o - 2 potions of might
 r - a potion of brilliance
 v - a potion of cancellation
 z - 3 potions of curing


   Skills:
 + Level 8.3 Fighting
 + Level 8.6(10.2) Axes
 + Level 8.5(10.2) Maces & Flails
 + Level 8.1 Armour
 + Level 8.0 Dodging
 + Level 2.8 Stealth
 + Level 7.3 Shields
 + Level 0.6 Unarmed Combat
 + Level 11.8 Invocations
 + Level 1.5 Evocations


You had 12 spell levels left.
You didn't know any spells.
Your spell library contained the following spells:

 Spells                   Type           Power      Damage    Failure   Level
 Freeze                   Ice            0%         1d3       54%         1
 Necrotise                Necr           0%         1d4       54%         1
 Sandblast                Erth           0%         2d4       54%         1
 Slow                     Hex            0%         N/A       54%         1
 Summon Small Mammal      Summ           0%         N/A       54%         1
 Lesser Beckoning         Tloc           0%         N/A       69%         2
 Passwall                 Tmut/Erth      0%         N/A       69%         2
 Call Canine Familiar     Summ           0%         N/A       89%         3
 Confusing Touch          Hex            0%         N/A       89%         3
 Frozen Ramparts          Ice            0%         1d1       89%         3
 Gell's Gravitas          Tloc           0%         N/A       89%         3
 Hailstorm                Conj/Ice       0%         3d3       89%         3
 Stone Arrow              Conj/Erth      0%         3d7       89%         3
 Summon Guardian Golem    Hex/Summ       0%         N/A       89%         3
 Teleport Other           Tloc           0%         N/A       89%         3
 Vampiric Draining        Necr           0%         2d6       89%         3
 Vhi's Electric Charge    Tloc/Air       0%         N/A       89%         3
 Agony                    Necr           0%         N/A       100%        5
 Arcjolt                  Conj/Air       0%         1d10      100%        5
 Blade Hands              Tmut           0%         N/A       100%        5
 Irradiate                Conj/Tmut      0%         3d11      100%        5
 Plasma Beam              Fire/Air       0%         2x1d11    100%        6
 Dragon Form              Tmut           0%         N/A       100%        7


Dungeon Overview and Level Annotations

Branches:
Dungeon (8/15)             Temple (0/1) D:5            Lair (3/5) D:8
 Shoals (1/4) Lair:3        Snake (0/4) Lair:3      Ossuary (visited)

Altars:
Gozag
Makhleb
Xom

Shops:
D:3 (


Innate Abilities, Weirdness & Mutations

You are mostly covered in slimy green scales. (AC +3)
A meltable icy envelope protects you from harm. (AC +4)
You are partially covered in sharp spines.
A meltable shield of frost defends you. (SH +4)
You have a tail ending in a sharp stinger.
Your flesh is cold resistant. (rC+)
Your magical capacity is low. (-10% MP)


Message History

You whack the faun! You drain the faun.
The faun is heavily wounded.
The satyr shoots an arrow.
The arrow completely misses you.
You barely miss the faun.
Your tail-slap misses the faun.
The faun is heavily wounded.
The faun is struck by your spines. The faun completely misses you.
The satyr shoots an arrow.
The arrow barely misses you.
You hit the faun. You drain the faun.
The faun is almost dead.
You whack the faun!
You kill the faun!
Makhleb accepts your kill.
You hear a splash. x2
The satyr shoots an arrow.
The arrow barely misses you.
Your Dodging skill increases to level 8!
You enter the shallow water.
Moving in this stuff is going to be slow.
The satyr shoots an arrow.
You block the arrow.
Things that are here:
a +0 spear; a +0 sling; a faun corpse The satyr shoots an arrow.
The arrow hits you.
The satyr shoots an arrow.
The arrow hits you!
Things that are here:
a +0 spear; a +0 sling; a faun corpse The satyr shoots an arrow.
The arrow hits you!
You feel your willpower return.
You start resting.
A satyr is nearby!
You are no longer glowing.
You start resting.
A satyr is nearby!
The satyr shoots an arrow.
The arrow hits you!
The satyr shoots an arrow.
The arrow hits you!!
* * * LOW HITPOINT WARNING * * *
Aiming: Charm
Press: ? - help, Q - select action, (/) - cycle Shift-Dir - straight line, f - satyr
Aim: a satyr, wielding a +0 longbow (chance to affect: 35%)
The satyr easily resists.
The satyr shoots an arrow.
The arrow hits you!!
You die...

..~.~~~~≈≈~~~~~..~..~~.~. ..
..##....~~~~≈~~........~~~~.
...
...##.~~~~~~~~~~..##....~~~~
..~
~...~~~~.~~~~~~...###.....~~
...
~....~~~~~~~~~~..)###).~~~~~
~..
~~....~~~~~~~~~.........~~≈≈
~≈≈
~~........)~~~~..~~.~~~.~~≈≈
~~≈
~......##).~~~......~~~~≈≈≈≈
.~≈
#.......@............≈≈≈≈
.~~
.....##..##.c##..##...#.#≈≈≈
.~~
.....##..##..#...##..##.≈≈≈≈
...
...................)....≈≈≈≈
...
........c..............~≈≈≈
...
....#....P....P...P..#.~~≈≈
...
~~~.##.P...P....⌠...##.~~~≈
... .~^
.....P....P...P.....~~≈ ...
..~....P...P....P.........≈


You could see a satyr.

Vanquished Creatures
  Kirke (Lair:3)
  A merfolk impaler (Shoals:1)
  A merfolk javelineer (Shoals:1)
  A boulder beetle (Lair:2)
  A skyshark (Lair:3)
  A lindwurm (Lair:2)
  Pikel (D:4)
  2 manticores (Shoals:1)
  6 fauns (Shoals:1)
  2 merfolk sirens (Shoals:1)
  2 black mambas
  6 elephants
  8 cane toads
  A rime drake (Lair:2)
  5 komodo dragons
  4 merfolk (Shoals:1)
  Grinder (D:4)
  A wind drake (Shoals:1)
  A polar bear (Lair:3)
  18 yaks
  4 wyverns
  A water elemental (Shoals:1)
  Sigmund (D:5)
  Eustachio (D:5)
  6 humans (D:6)
  2 hogs (Lair:3)
  A steam dragon (D:6)
  The ghost of purpleHaze the Digger, an amateur HuEE (D:4)
  3 nagas (Lair:3)
  Duvessa (D:4)
  2 orc warriors
  6 water moccasins
  2 black bears
  An ice beast (D:5)
  2 sky beasts
  2 ogres
  4 wolves (Lair:1)
  5 centaurs
  3 phantoms
  2 lemures (D:4)
  2 kobold brigands (D:8)
  3 scorpions
  7 bullfrogs
  A water moccasin zombie (Ossuary)
  7 wights (D:7)
  Dowan (D:4)
  An electric eel (Lair:2)
  6 hounds
  5 jellies
  A gnoll bouda (D:6)
  9 orc priests
  12 orc wizards
  Ijyb (D:3)
  2 sleepcaps (D:7)
  10 hell rats
  2 mummies (Ossuary)
  An adder (D:3)
  11 gnolls
  5 adder zombies (Ossuary)
  3 worms
  3 dart slugs
  25 orcs
  2 bats
  19 endoplasms
  4 giant cockroaches
  3 gnoll zombies (Ossuary)
  7 goblins
  8 hobgoblins
  21 kobolds
  3 quokkas (D:4)
  10 ball pythons
  3 frilled lizards
  6 hobgoblin zombies (Ossuary)
  5 kobold zombies (Ossuary)
  An orc zombie (Ossuary)
  4 rats
328 creatures vanquished.

Vanquished Creatures (collateral kills)
  Nessos (Lair:3)
  A hydra (Lair:3)
  A two-headed ogre (D:8)
  An elephant (Lair:3)
  A cane toad (Lair:3)
  4 merfolk (Shoals:1)
  A water moccasin (Lair:3)
  A black bear (D:8)
  An ice beast (D:8)
  An ogre (D:5)
  A kobold brigand (D:8)
  A bullfrog (D:8)
  A howler monkey (D:5)
  An iguana (D:5)
  2 orcs (D:5)
  A kobold (D:8)
20 creatures vanquished.

Grand Total: 348 creatures vanquished

Notes
Turn   | Place    | Note
-------+----------+-------------------------------------------
     0 | D:1      | thedragondan the Demonspawn Fighter began the quest for the
                  | Orb.
     0 | D:1      | Reached XP level 1. HP: 18/18 MP: 1/1
   279 | D:1      | Gained mutation: You are partially covered in sharp spines.
                  | [demonic ancestry]
   279 | D:1      | Reached XP level 2. HP: 24/24 MP: 2/2
   680 | D:2      | Found an opulent altar of Gozag.
   766 | D:2      | Reached XP level 3. HP: 10/29 MP: 3/3
  1551 | D:3      | Found Luxoots's Weapon Emporium.
  1889 | D:3      | Reached XP level 4. HP: 36/36 MP: 4/4
  1951 | D:3      | Found a faded altar of an unknown god.
  1960 | D:3      | Prayed at the altar of an unknown god.
  1960 | D:3      | Became a worshipper of Makhleb the Destroyer
  1960 | D:3      | Reached * piety under Makhleb
  2065 | D:3      | Gained mutation: You are partially covered in slimy green
                  | scales. (AC +2) [demonic ancestry]
  2065 | D:3      | Reached XP level 5. HP: 13/42 MP: 5/5
  2251 | D:3      | HP: 1/42 [acid (5)]
  2339 | D:3      | Reached skill level 1 in Dodging
  2340 | D:3      | Reached ** piety under Makhleb
  2728 | D:4      | Noticed Duvessa
  2728 | D:4      | Noticed Dowan
  2734 | D:4      | Killed Dowan
  2735 | D:4      | Reached XP level 6. HP: 44/48 MP: 6/6
  2737 | D:4      | Killed Duvessa
  2763 | D:4      | Found a large runed translucent door.
  2777 | D:4      | Noticed Grinder
  2779 | D:4      | Noticed Ijyb
  2794 | D:4      | Found a large runed translucent door.
  2867 | D:3      | Gained mutation: You are robust. (+10% HP) [potion of
                  | mutation]
  2867 | D:3      | Lost mutation: You are robust. (+10% HP) [potion of
                  | mutation]
  2867 | D:3      | Gained mutation: Your magical capacity is low. (-10% MP)
                  | [potion of mutation]
  2867 | D:3      | Gained mutation: Your flesh is cold resistant. (rC+)
                  | [potion of mutation]
  2895 | D:4      | Reached skill level 1 in Invocations
  2962 | D:3      | Killed Ijyb
  2963 | D:3      | Reached skill level 2 in Invocations
  2963 | D:3      | Reached XP level 7. HP: 12/54 MP: 2/7
  3635 | D:4      | Noticed Pikel
  3658 | D:4      | Killed Pikel
  3659 | D:4      | Reached skill level 5 in Axes
  3659 | D:4      | Reached skill level 4 in Invocations
  3659 | D:4      | Gained mutation: A meltable shield of frost defends you.
                  | (SH +4) [demonic ancestry]
  3659 | D:4      | Reached XP level 8. HP: 46/60 MP: 8/10
  4064 | D:4      | Paralysed by Grinder for 5 turns
  4071 | D:4      | Killed Grinder
  4072 | D:4      | Reached skill level 5 in Invocations
  4117 | D:4      | Noticed purpleHaze's ghost (amateur HuEE)
  4289 | D:4      | Killed purpleHaze's ghost
  4290 | D:4      | Reached skill level 5 in Armour
  4357 | D:5      | Entered Level 5 of the Dungeon
  4448 | D:5      | Found a staircase to the Ecumenical Temple.
  4471 | D:5      | Noticed Eustachio
  4507 | D:5      | Killed Eustachio
  4531 | D:5      | Reached *** piety under Makhleb
  4542 | D:5      | Reached skill level 6 in Invocations
  4563 | D:5      | Gained mutation: You have a small tail. [demonic ancestry]
  4563 | D:5      | Reached XP level 9. HP: 62/66 MP: 12/12
  4567 | D:5      | Reached skill level 1 in Stealth
  4595 | D:5      | Noticed Sigmund
  4612 | D:5      | Killed Sigmund
  4725 | D:5      | Reached skill level 5 in Fighting
  4884 | D:5      | Reached skill level 7 in Invocations
  5384 | D:6      | Reached skill level 8 in Invocations
  5500 | D:6      | Gained mutation: You have a tail ending in a sharp stinger.
                  | [demonic ancestry]
  5500 | D:6      | Reached XP level 10. HP: 68/74 MP: 12/14
  5585 | D:6      | Identified the +7 whip of Change {drain, rPois rC+ Dex-2}
  5701 | D:6      | Found a sand-covered staircase.
  5705 | Ossuary  | Entered an ossuary
  5785 | Ossuary  | Reached **** piety under Makhleb
  6449 | D:7      | Reached skill level 1 in Maces & Flails
  7146 | D:8      | Reached ***** piety under Makhleb
  7257 | D:8      | Noticed a two-headed ogre
  7291 | D:8      | Killed a two-headed ogre
  7407 | D:8      | Reached skill level 5 in Dodging
  7418 | D:8      | Found a shimmering altar of Xom.
  7477 | D:8      | Reached skill level 5 in Shields
  7482 | D:8      | Found a staircase to the Lair.
  7725 | Lair:1   | Entered Level 1 of the Lair of Beasts
  7725 | Lair:1   | Noticed a cane toad
  7737 | Lair:1   | Killed a cane toad
  7812 | Lair:1   | Noticed a cane toad
  7817 | Lair:1   | Killed a cane toad
  7927 | Lair:1   | Noticed a cane toad
  7941 | Lair:1   | Gained mutation: A meltable icy envelope protects you from
                  | harm. (AC +4) [demonic ancestry]
  7941 | Lair:1   | Reached XP level 11. HP: 77/81 MP: 15/15
  8011 | Lair:1   | Reached skill level 5 in Maces & Flails
  8791 | Lair:2   | Noticed a boulder beetle
  8817 | Lair:2   | Killed a boulder beetle
  8922 | Lair:2   | Noticed a lindwurm
  8935 | Lair:2   | Reached skill level 9 in Invocations
  8936 | Lair:2   | Killed a lindwurm
  9520 | Lair:3   | Noticed a skyshark
  9534 | Lair:3   | Killed a skyshark
  9588 | Lair:3   | Reached XP level 12. HP: 62/91 MP: 11/17
  9814 | Lair:3   | Found a staircase to the Shoals.
  9920 | Lair:3   | Noticed a five-headed hydra
  9975 | Lair:3   | Killed a five-headed hydra
 10037 | Lair:3   | Noticed Nessos
 10043 | Lair:3   | Killed Nessos
 10044 | Lair:3   | Reached skill level 10 in Invocations
 10328 | Lair:3   | Found a staircase to the Snake Pit.
 10972 | Shoals:1 | Entered Level 1 of the Shoals
 11018 | Shoals:1 | Noticed a merfolk javelineer
 11234 | Shoals:1 | Killed a merfolk javelineer
 11321 | Shoals:1 | Noticed Kirke
 11513 | Shoals:1 | Noticed a green death
 11568 | Lair:3   | Noticed a sphinx
 11924 | Lair:3   | Killed Kirke
 11925 | Lair:3   | Reached skill level 11 in Invocations
 11925 | Lair:3   | Reached skill level 1 in Evocations
 12051 | Shoals:1 | Gained mutation: You are mostly covered in slimy green
                  | scales. (AC +3) [demonic ancestry]
 12051 | Shoals:1 | Reached XP level 13. HP: 98/98 MP: 17/19
 12052 | Shoals:1 | Identified the amulet of Darkness {RegenMP rElec rPois}
 12194 | Shoals:1 | Noticed a merfolk impaler
 12217 | Shoals:1 | Killed a merfolk impaler
 12361 | Shoals:1 | Shot with an arrow by a satyr

Illustrated notes

Levels and vault maps discovered:
D:1:      scummos_arrival_star, layout_loops_cross
D:2:      layout_basic, basic_altar, minmay_randomly_rotated_circles
D:3:      cheibrodos_fertilizer, layout_rooms, shapermc_ecumenical_altar_venn,
          serial_shops, shop, minmay_stone_trees_small, minmay_unequal
D:4:      layout_cave_pools, ebering_ghost_disaster_area, grunt_decor_arrowhead,
          uniq_grinder, uniq_duvessa, uniq_pikel, uniq_ijyb
D:5:      layout_basic, temple_statues, uniq_sigmund, uniq_eustachio
D:6:      layout_loops_corners, nicolae_ossuary_entry_plus, minmay_ruffians
D:7:      layout_rooms
D:8:      layout_rooms, mainiacjoe_overflow_alcove_2,
          grunt_lair_entry_orc_guard_hut
Lair:1:   layout_regular_city, grunt_megastairs_3
Lair:2:   layout_cave_shapes, serial_bayou_lagoon_b, grunt_megastairs_4
Lair:3:   layout_regular_city, minmay_shoals_entry_centaurs,
          guppyfry_snake_entry_garden, pond, uniq_nessos
Shoals:1: cheibrodos_shoals_satyrical_garden, layout_shoals, uniq_kirke

Skill      XL: |  1  2  3  4  5  6  7  8  9 10 11 12 13 |
---------------+----------------------------------------+-----
Armour         | 3 4 5 6 7 8 |  8.1
Axes           | 2 3 4 5 6 8 |  8.6
Fighting       | 4 5 6 7 8 |  8.3
Shields        | 3 4 5 6 7 |  7.3
Dodging        | 1 2 3 4 5 6 7 8 |  8.0
Invocations    | 2 4 6 8 9 11 | 11.8
Stealth        | 1 2 |  2.8
Maces & Flails | 4 7 8 |  8.5
Evocations     | 1 |  1.5
Unarmed Combat | |  0.6

Action                     |  1- 3 |  4- 6 |  7- 9 | 10-12 | 13-15 || total
---------------------------+-------+-------+-------+-------+-------++-------
  Melee: War axe           |    86 |    97 |   194 |       |       ||   377
         Tailslap          |       |       |    11 |   123 |     9 ||   143
         Whip              |       |       |       |   640 |    64 ||   704
         Unarmed           |       |       |       |     7 |       ||     7
 Invoke: Minor Destruction |       |    10 |    33 |    30 |    14 ||    87
         Lesser Servant of |       |       |     2 |     6 |       ||     8
         Greater Servant o |       |       |       |     3 |       ||     3
         Major Destruction |       |       |       |     1 |       ||     1
  Evoke: Wand              |       |     1 |     1 |    10 |     1 ||    13
    Use: Scroll            |     6 |     3 |     2 |     6 |     1 ||    18
         Potion            |     4 |     5 |     2 |    10 |       ||    21
   Stab: Distracted        |       |       |       |     1 |       ||     1
 Armour: Scale mail        |    39 |    62 |       |       |       ||   101
         Ring mail         |       |       |    90 |   253 |    17 ||   360
  Dodge: Dodged            |    32 |    39 |    90 |   333 |    24 ||   518
  Block: Buckler           |    23 |    20 |    55 |   250 |    17 ||   365
